 Dungeon Crawl Stone Soup version 0.23.0-2-g0fe3ce5905 (webtiles) character file.

Game seed: 12815359774929884602

116 Gargoyl the Skirmisher (level 4, -9/39 HPs)
             Began as a Centaur Abyssal Knight on Feb 20, 2019.
             Was a Believer of Lugonu.
             Mangled by a worm (10 damage)
             ... on level 3 of the Dungeon.
             The game lasted 00:03:36 (2221 turns).

Gargoyl the Skirmisher (Centaur Abyssal Knight)     Turns: 2221, Time: 00:03:37

Health: -9/39      AC:  6    Str: 14    XL:     4   Next: 70%
Magic:  5/5        EV:  8    Int: 11    God:    Lugonu [**....]
Gold:   61         SH:  0    Dex: 10    Spells: 3/3 levels left

rFire    . . .     SeeInvis .   a - +2 hand axe
rCold    . . .     Gourm    .   (no shield)
rNeg     . . .     Faith    .   d - +0 ring mail
rPois    .         Spirit   .   (no helmet)
rElec    .         Reflect  .   (no cloak)
rCorr    .         Harm     .   (no gloves)
MR       .....                  (no barding)
Stlth    ..........             (no amulet)
HPRegen  0.13/turn              (no ring)
MPRegen  0.09/turn              (no ring)

@: lethally poisoned (-9 -> -31), very quick
A: large, hooves 3, deformed body, speed 2, tough skin 3
a: Depart the Abyss, Bend Space, Renounce Religion


You were on level 3 of the Dungeon.
You worshipped Lugonu.
Lugonu was pleased with you.
You were hungry.

You visited 1 branch of the dungeon, and saw 3 of its levels.
You visited the Abyss 1 time.

You collected 61 gold pieces.

Inventory:

Hand Weapons
 a - a +2 hand axe (weapon)
Missiles
 j - 5 javelins (quivered)
Armour
 b - a +0 leather armour
 d - a +0 ring mail (worn)
Scrolls
 g - 2 scrolls of identify
 h - 5 scrolls of remove curse
 i - a scroll of enchant armour {unknown}
 k - a scroll of amnesia {unknown}
Potions
 e - a potion of might
 l - a potion of resistance {unknown}
 m - a potion of invisibility {unknown}
Comestibles
 c - 5 rations


   Skills:
 + Level 3.6 Fighting
 + Level 2.6 Axes
 * Level 2.2 Armour
 * Level 1.5 Dodging
 * Level 2.5 Invocations


You had 3 spell levels left.
You didn't know any spells.
Your spell library was empty.

Dungeon Overview and Level Annotations

Branches:
Dungeon (3/15)

Altars:


Innate Abilities, Weirdness & Mutations

You have hooves in place of feet.
Armour fits poorly on your strangely shaped body.
You cover ground very quickly.
You have extremely tough skin. (AC +3)


Message History

You hit the worm but do no damage.
You feel sick. The adder bites you.
You are more poisoned.
The adder poisons you!
You completely miss the adder. Your kick misses the adder.
The adder is severely wounded.
You barely miss the worm.
* * * LOW HITPOINT WARNING * * *
You feel very sick. The adder bites you.
* * * LOW HITPOINT WARNING * * *
The worm bites you.
* * * LOW HITPOINT WARNING * * *
The adder barely misses you.
You hit the adder.
You kill the adder!
Lugonu accepts your kill.
You hit the worm.
* * * LOW HITPOINT WARNING * * *
You feel sick. The worm bites you!
You die...

#..##### ... ........
#.# #.##### #.# #. #.#
#.# #S# .. #.## #.##
...#.#####..#######..#
......w@†...†........##
..####'#######'####...#
#. ##.#(##...##
#..##+##..#.)#....#
#....#....##.#..#.#
##.......##..#..#.#
'.......†...#.)#..
#.......##|.#..##.
....8....##.#)###.


You could see a worm.

Vanquished Creatures
  3 adders
  A white imp (Abyss:1)
  An ooze (D:1)
  A worm (D:3)
  A dart slug (D:1)
  A leopard gecko (D:3)
  3 ball pythons
  4 giant cockroaches
  7 hobgoblins
  2 jackals (D:3)
  4 quokkas
  5 bats (D:1)
  4 frilled lizards
  13 goblins
  11 kobolds
  A quokka skeleton (D:3)
  4 rats
66 creatures vanquished.

Notes
Turn   | Place    | Note
-------+----------+-------------------------------------------
     0 | Abyss:1  | Gargoyl the Centaur Abyssal Knight began the quest for the
                  | Orb.
     0 | Abyss:1  | Reached XP level 1. HP: 19/19 MP: 2/2
   130 | Abyss:1  | Noticed a titan skeleton
   137 | Abyss:1  | Noticed an orange demon
   139 | D:1      | Escaped the Abyss
   422 | D:1      | Reached XP level 2. HP: 26/26 MP: 3/3
   521 | D:1      | Reached * piety under Lugonu
   641 | D:1      | Reached XP level 3. HP: 23/31 MP: 4/4
   802 | D:1      | Reached skill level 1 in Dodging
  1739 | D:2      | Reached XP level 4. HP: 35/39 MP: 5/5
  1816 | D:3      | Reached ** piety under Lugonu
  2221 | D:3      | HP: 1/39 [poisoned by an adder]
  2221 | D:3      | Mangled by a worm

Skill      XL: |  1  2  3  4 |
---------------+-------------+-----
Axes           | 2 |  2.6
Dodging        | 1 |  1.5
Armour         | 2 |  2.2
Fighting       | |  3.6
Invocations    | |  2.5

Action                   |  1- 3 |  4- 6 || total
-------------------------+-------+-------++-------
Melee: Hand axe          |    93 |    68 ||   161
       Kick              |    11 |     9 ||    20
Invok: Depart the Abyss  |     1 |       ||     1
  Use: Scroll            |     6 |       ||     6
       Potion            |       |     1 ||     1
  Eat: Chunk             |     2 |       ||     2
Armor: Ring mail         |    52 |    33 ||    85
Dodge: Dodged            |    60 |    36 ||    96
